AoeStats
← ogipochi_

Black Forest

510295792Analyzed
4v4 RM · 2d ago on Sep 30, 2026· 45m 58s· 8 players
Game mode
Random Map
Map size
Large (8 player)
Population
200
Speed
Normal
Resources
Standard
Victory
Conquest
Starting age
Dark Age
Ending age
Imperial Age
RankedLock teamsTeams togetherTeam positionsShared explorationLock speedFull tech treeHidden civsTurbo modeCheats
Victory
Defeat
🇨🇳 Bulgarians · China
874
+15
🇪🇸 Portuguese · Spain
832
+16
🇩🇪 Persians · Germany
800
+18
🇯🇵 Khitans · Japan
754
+19
🇮🇩 Magyars · Indonesia
864
-18
🇹🇼 Khitans · Taiwan
859
-18
🇨🇳 Chinese · China
841
-17
🇹🇼 Britons · Taiwan
783
-15
信仰之秀
1:02 Loom
13:04 Feudal Age
13:30 Double-Bit Axe
16:59 Castle Age
17:38 Wheelbarrow
17:59 Bow Saw
18:47 Horse Collar
22:50 Stone Mining
23:47 Fletching
25:08 Gold Mining
25:57 Stone Shaft Mining
30:53 Imperial Age
28:47 Hand Cart
29:18 Gold Shaft Mining
28:45 Heavy Plow
30:58 Bodkin Arrow
31:30 Ballistics
32:04 Bracer
32:05 Padded Archer Armor
32:10 Scale Barding Armor
32:17 Forging
32:07 Scale Mail Armor
33:11 Chemistry
32:23 Masonry
32:01 Arrowslits
32:26 Fortified Wall
32:12 Murder Holes
34:32 Heavy Rocket Cart
36:47 Conscription
36:46 Pikeman
37:26 Squires
37:12 Arson
39:34 Halberdier
40:32 Leather Archer Armor
40:53 Iron Casting
40:39 Chain Barding Armor
40:34 Chain Mail Armor
40:45 Rocketry
40:27 Great Wall
40:57 Heavy Scorpion
43:25 Capped Ram
44:31 Caravan
GibranRakatiwing
18:05 Loom
30:15 Feudal Age
30:57 Double-Bit Axe
31:57 Wheelbarrow
31:47 Horse Collar
46:05 Castle Age
ZIV_83tw
11:02 Feudal Age
11:59 Loom
15:02 Castle Age
14:46 Double-Bit Axe
17:09 Domestication
27:35 Pastoralism
29:01 Wheelbarrow
30:32 Caravan
33:34 Imperial Age
32:31 Bow Saw
33:51 Forging
33:47 Scale Barding Armor
33:46 Husbandry
35:16 Iron Casting
35:40 Chain Barding Armor
34:42 Elite Steppe Lancer
36:41 Coinage
36:22 Guilds
38:48 Plate Barding Armor
caachris83
11:19 Feudal Age
12:13 Horse Collar
16:50 Castle Age
15:29 Double-Bit Axe
18:17 Scale Mail Armor
22:22 Gold Mining
22:53 Chain Mail Armor
24:55 Wheelbarrow
26:43 Bow Saw
27:24 Heavy Plow
28:03 Forging
27:54 Man-at-Arms
28:21 Gambesons
28:37 Squires
28:24 Arson
30:26 Hand Cart
30:08 Long Swordsman
30:10 Pikeman
35:13 Imperial Age
34:17 Town Watch
35:41 Iron Casting
34:58 Fletching
35:08 Padded Archer Armor
35:27 Two-Handed Swordsman
37:28 Champion
42:04 Halberdier
45:12 Blast Furnace
ogipochi_
0:46 Loom
12:15 Feudal Age
12:42 Double-Bit Axe
12:39 Domestication
13:59 Wheelbarrow
15:14 Stone Mining
18:21 Castle Age
16:34 Scale Mail Armor
17:11 Forging
18:14 Man-at-Arms
19:12 Long Swordsman
20:15 Bow Saw
24:00 Long Swordsman
25:48 Gambesons
26:34 Squires
26:19 Arson
27:38 Caravan
29:27 Iron Casting
30:38 Pikeman
32:12 Hand Cart
31:43 Town Watch
32:18 Chain Mail Armor
35:01 Imperial Age
35:22 Elite Liao Dao
36:24 Conscription
36:10 Ordo Cavalry
36:17 Lamellar Armor
35:37 Two-Handed Swordsman
35:41 Capped Ram
36:38 Pastoralism
37:43 Two-Man Saw
37:25 Champion
37:26 Elite Fire Lancer
39:08 Plate Mail Armor
40:49 Siege Ram
40:52 Heavy Rocket Cart
Nomssisuo
0:40 Loom
12:35 Feudal Age
17:04 Castle Age
15:04 Horse Collar
17:27 Double-Bit Axe
17:32 Gold Mining
17:35 Fletching
23:28 Padded Archer Armor
25:57 Bodkin Arrow
25:24 Crossbowman
27:34 Heavy Plow
27:47 Bow Saw
28:56 Wheelbarrow
28:07 Town Watch
27:48 Elite Skirmisher
28:55 Stone Mining
29:54 Hand Cart
30:48 Ballistics
30:25 Murder Holes
34:43 Imperial Age
32:14 Town Patrol
32:31 Leather Archer Armor
32:17 Scale Mail Armor
32:28 Forging
31:40 Man-at-Arms
31:41 Pikeman
32:06 Arson
32:10 Gambesons
32:55 Caravan
33:06 Scale Barding Armor
34:02 Chain Mail Armor
34:09 Chain Barding Armor
33:40 Treadmill Crane
35:35 Bloodlines
34:45 Cavalier
35:26 Husbandry
34:47 Light Cavalry
36:34 Chemistry
35:18 Arbalester
36:05 Bracer
37:18 Plate Mail Armor
37:30 Iron Casting
36:52 Capped Ram
38:02 Conscription
39:01 Plate Barding Armor
38:50 Siege Engineers
40:10 Masonry
40:44 Thumb Ring
41:11 Ring Archer Armor
42:18 Halberdier
44:52 Blast Furnace
44:28 Architecture
43:56 Guard Tower
44:19 Long Swordsman
Jedda
3:28 Loom
11:25 Feudal Age
17:01 Castle Age
15:17 Double-Bit Axe
16:03 Horse Collar
17:57 Bow Saw
23:41 Caravan
25:16 Wheelbarrow
25:39 Gold Mining
26:53 Stone Mining
28:55 Scale Barding Armor
29:01 Forging
31:25 Imperial Age
29:13 Hand Cart
31:25 Iron Casting
31:11 Chain Barding Armor
31:40 Kamandaran
32:45 Blast Furnace
31:36 Fletching
31:47 Padded Archer Armor
32:21 Ballistics
33:19 Two-Man Saw
32:44 Conscription
32:01 Elite War Elephant
32:56 Crossbowman
33:42 Thumb Ring
34:01 Heavy Plow
34:40 Gold Shaft Mining
34:43 Plate Barding Armor
35:47 Bodkin Arrow
39:30 Leather Archer Armor
41:55 Ring Archer Armor
42:34 Chemistry
41:45 Masonry
42:19 Citadels
44:34 Architecture
观月
0:34 Loom
12:06 Feudal Age
16:31 Double-Bit Axe
21:16 Castle Age
21:19 Gold Mining
23:07 Wheelbarrow
23:41 Bow Saw
26:11 Hand Cart
27:25 Stone Mining
31:59 Imperial Age
29:57 Scale Barding Armor
30:04 Forging
31:46 Iron Casting
31:32 Chain Barding Armor
31:11 Stirrups
32:05 Caravan
33:00 Gold Shaft Mining
33:02 Stone Shaft Mining
33:10 Stone Shaft Mining
32:31 Horse Collar
33:38 Conscription
34:54 Plate Barding Armor
35:20 Blast Furnace
35:50 Scale Mail Armor
35:33 Elite Konnik
37:37 Heavy Scorpion
41:08 Chain Mail Armor
42:34 Chemistry
43:50 Siege Engineers
45:09 Plate Mail Armor
46:27 Padded Archer Armor
Connection lost

Rejoining the realm…

Still unreachable

The connection could not be restored.

Session expired

The server has moved on; the page needs a fresh start.